 Dungeon Crawl Stone Soup version 0.21.1-1-g345015f (webtiles) character file.

38 HerrDoktor the Insei (level 3, -5/26 HPs)
             Began as a Merfolk Transmuter on July 8, 2018.
             Killed from afar by Sigmund (11 damage)
             ... with a puff of flame
             ... on level 2 of the Dungeon on July 12, 2018.
             The game lasted 00:07:21 (1164 turns).

HerrDoktor the Insei (Merfolk Transmuter)           Turns: 1164, Time: 00:07:22

Health: -5/26      AC:  2    Str: 11    XL:     3   Next: 43%
Magic:  6/6        EV: 13    Int: 12    God:
Gold:   14         SH:  0    Dex: 14    Spells: 5/6 levels left

rFire    . . .     SeeInvis .   g - +0 club (curse)
rCold    . . .     Gourm    .   (no shield)
rNeg     . . .     Faith    .   b - +0 robe
rPois    .         Spirit   .   (no helmet)
rElec    .         Reflect  .   (no cloak)
rCorr    .         Harm     .   (no gloves)
MR       .....                  (no boots)
Stlth    ++........             (no amulet)
HPRegen  0.08/turn              (no ring)
MPRegen  0.10/turn              (no ring)

@: no status effects
A: change form in water, swift swim, stealthy swim
a: no special abilities


You were on level 2 of the Dungeon.
You were very hungry.

You visited 1 branch of the dungeon, and saw 2 of its levels.

You collected 14 gold pieces.

Inventory:

Hand Weapons
 g - a cursed +0 club (weapon)
Missiles
 a - 40 arrows
 f - 16 bolts
Armour
 b - a +0 robe (worn)
Potions
 e - a potion of degeneration
 h - a potion of magic {unknown}
 i - a potion of lignification {unknown}
Books
 c - a book of Changes

   Spells                             Type                      Level
   a - Beastly Appendage              Transmutation                1
   b - Sticks to Snakes               Transmutation                2
   c - Spider Form                    Transmutation/Poison         3
   d - Ice Form                       Ice/Transmutation            4
   e - Blade Hands                    Transmutation                5
 j - a book of Changes

   Spells                             Type                      Level
   a - Beastly Appendage              Transmutation                1
   b - Sticks to Snakes               Transmutation                2
   c - Spider Form                    Transmutation/Poison         3
   d - Ice Form                       Ice/Transmutation            4
   e - Blade Hands                    Transmutation                5
Comestibles
 d - a ration


   Skills:
 + Level 1.1 Fighting
 * Level 3.2 Dodging
 + Level 1.8 Stealth
 * Level 3.6 Unarmed Combat
 + Level 2.2 Spellcasting
 * Level 3.1 Transmutations


You had 5 spell levels left.
You knew the following spells:

 Your Spells              Type           Power        Failure   Level  Hunger
a - Beastly Appendage     Tmut           #.....       7%          1    ##.....


Dungeon Overview and Level Annotations

Branches:
Dungeon (2/15)

Altars:
Xom

Annotations:
D:2 Sigmund


Message History

Sigmund the Dreaded comes into view.
He is wielding a scythe.
Sigmund shouts!
There is a stone staircase leading up here.
You can't go down here!
Sigmund points at you and mumbles some strange words.
The puff of flame misses you.
Sigmund points at you and mumbles some strange words.
The puff of flame misses you.
You hit Sigmund.
Sigmund is lightly wounded.
Sigmund hits you with a scythe!
You barely miss Sigmund.
Sigmund is lightly wounded.
Sigmund hits you with a scythe.
* * * LOW HITPOINT WARNING * * *
You barely miss Sigmund.
Sigmund is lightly wounded.
Sigmund gestures at you while chanting. The puff of flame hits you!
You die...

#.....# #.....#
#.....# #.....#
#.....# #
##.#####.....##
.........'.....>#
##^#######..[..##
≈.≈.≈##..@@.<###
.≈...@##.#####
.....≈≈#.#
.._≈._.@.#
.≈≈.≈..###
≈....≈# ^♣...#
#.## #


You could see Sigmund.

Vanquished Creatures
  A gnoll (D:1)
  An adder (D:2)
  3 bats (D:1)
  2 goblins (D:1)
  3 hobgoblins (D:1)
  2 jackals (D:1)
  4 kobolds (D:1)
  4 rats (D:1)
20 creatures vanquished.

Notes
Turn   | Place    | Note
-------+----------+-------------------------------------------
     0 | D:1      | HerrDoktor the Merfolk Transmuter began the quest for the Orb.
     0 | D:1      | Reached XP level 1. HP: 15/15 MP: 3/3
   161 | D:1      | Reached XP level 2. HP: 21/21 MP: 3/5
   207 | D:1      | Reached skill level 1 in Stealth
   325 | D:1      | Reached XP level 3. HP: 17/26 MP: 4/6
  1149 | D:2      | Found a shimmering altar of Xom.
  1149 | D:2      | Found a shimmering altar of Xom.
  1150 | D:2      | Noticed Sigmund
  1164 | D:2      | Killed from afar by Sigmund

Skill      XL: |  1  2 |
---------------+-------+-----
Dodging        | 3 |  3.2
Transmutations | 3 |  3.1
Stealth        | 1 |  1.8
Fighting       | |  1.1
Unarmed Combat | |  3.6
Spellcasting   | |  2.2

Action                   || total
-------------------------++-------
Melee: Unarmed           ||    23
       Headbutt          ||    10
       Club              ||    40
 Cast: Beastly Appendage ||    12
  Use: Scroll            ||     2
 Stab: Sleeping          ||     3
Armor: Robe              ||    10
Dodge: Dodged            ||    53
